 Dungeon Crawl Stone Soup version 0.31-a0-187-gba352fbbf7 (webtiles) character file.

Game seed: 1468555357467314648

405 qw the Skirmisher (level 6, -1/30 (35) HPs)
             Began as a Deep Elf Hunter on June 22, 2023.
             Slain by a river rat (8 damage)
             ... in a sewer.
             The game lasted 00:01:01 (2188 turns).

qw the Skirmisher (Deep Elf Hunter)                 Turns: 2188, Time: 00:01:02

HP:   -1/30 (35)    AC:  3    Str: 10    XL:     6   Next: 56%
MP:   8/8           EV: 14    Int: 14    God:
Gold: 131           SH:  0    Dex: 24    Spells: 5/5 levels left

rFire   . . .        Y - +1 shortbow (drain)
rCold   . . .        (shield currently unavailable)
rNeg    . . .        c - +0 leather armour
rPois   .            (no helmet)
rElec   .            (no cloak)
rCorr   .            (no gloves)
SInv    .            (no boots)
Will    .....        b - amulet of faith
Stlth   ++           h - +6 ring of dexterity
HPRegen 0.25/turn    (no ring)
MPRegen 0.11/turn

%: faith
@: about to teleport, heavily drained
A: no striking features
a: no special abilities


You were in a sewer.
You visited 1 branch of the dungeon, and saw 4 of its levels.
You also visited: Sewer.

You collected 161 gold pieces.
You spent 30 gold pieces at shops.


   Skills:
 - Level 2.0 Fighting
 + Level 9.5 Ranged Weapons
 - Level 4.1 Dodging
 - Level 1.2 Stealth


You had 5 spell levels left.
You didn't know any spells.
Your spell library was empty.

Inventory:

Hand Weapons
 Y - a +1 shortbow of draining (weapon)
Armour
 c - a +0 leather armour (worn)
Jewellery
 b - an amulet of faith (around neck)
 h - a +6 ring of dexterity (left hand)
Scrolls
 g - 3 scrolls of teleportation
 j - a scroll of identify
Potions
 d - a potion of curing
 i - a potion of might
 m - a potion of haste {unknown}

Dungeon Overview and Level Annotations

Branches:
Dungeon (4/15)              Sewer (1/1)
 Temple: D:4-7

Altars:
Cheibriados
Yredelemnul

Shops:
D:1 ?

Annotations:
D:3 3 runed translucent doors, qw's ghost, amateur DEHu
D:4 3 runed translucent doors, qw's ghost, amateur DEHu


Message History

You kill the rat!
You enter the shallow water.
Moving in this stuff is going to be slow.
You enter the shallow water.
Moving in this stuff is going to be slow. 2 rats come into view.
You shoot an arrow. The arrow hits the rat.
You kill the rat!
You shoot an arrow. The arrow hits the rat!
You kill the rat!
You enter the shallow water.
Moving in this stuff is going to be slow.
You open the door.
A hell rat comes into view.
Found three items.
Found a gate leading back out of this place.
You shoot an arrow.
The arrow hits the hell rat but does no damage.
The hell rat roars deafeningly!
A river rat comes into view.
You shoot an arrow. The arrow barely misses the hell rat.
You shoot an arrow. The arrow hits the river rat.
The river rat is heavily wounded.
A rat comes into view.
You shoot an arrow.
The arrow completely misses the hell rat.
The hell rat bites you!
You feel drained.
You shoot an arrow. The arrow hits the hell rat.
The hell rat is lightly wounded.
The hell rat bites you!
You feel drained.
2186 ||| READING 4 scrolls of teleportation.
As you read the scroll of teleportation, it crumbles to dust.
You feel strangely unstable. The hell rat barely misses you.
You shoot an arrow. The arrow hits the hell rat!
The hell rat is heavily wounded.
The hell rat bites you.
You feel drained.
You shoot an arrow. The arrow closely misses the hell rat.
The hell rat closely misses you. The river rat bites you!
You die...

#########
###...~..~###
#~~r~~r@~.~%###
~~~~##r##~..~~#
~. #~~ ###.~~##
.~~~ ##...# ~
.~.~~ #~~~#
.~##.??? ##~~.#
~.~###!\
###~.~##
~.~~.#####%~~~.#
#~...~\..~.~###


You could see a hell rat, a river rat and a rat.

Vanquished Creatures
  A water moccasin zombie (D:3)
  3 scorpions
  A howler monkey (D:4)
  A river rat (Sewer)
  5 adders
  3 dart slugs
  4 orcs (D:3)
  6 endoplasms
  7 giant cockroaches
  8 goblins
  4 hobgoblins
  2 jackals
  A quokka (D:1)
  7 ball pythons
  2 bats (D:1)
  A frilled lizard (D:2)
  A giant cockroach zombie (D:3)
  8 kobolds
  9 rats
74 creatures vanquished.

Notes
Turn   | Place    | Note
-------+----------+-------------------------------------------
     0 | D:1      | qw the Deep Elf Hunter began the quest for the Orb.
     0 | D:1      | Reached XP level 1. HP: 12/12 MP: 3/3
     0 | D:1      | 0 ||| qw: Version: 0.3-a-9-g12657ce
     0 | D:1      | 0 ||| qw: Game counter: 2698
     0 | D:1      | 0 ||| qw: Always use a shield: true
     0 | D:1      | 0 ||| qw: God list: Okawaru
     0 | D:1      | 0 ||| qw: Allow faded altars: false
     0 | D:1      | 0 ||| qw: Do Orc after D:15 true
     0 | D:1      | 0 ||| qw: Do second Lair branch before Depths: true
     0 | D:1      | 0 ||| qw: Lair rune preference: random
     0 | D:1      | 0 ||| qw: Plans: Normal
     0 | D:1      | 0 ||| PLANNING D:1-11
   147 | D:1      | Reached XP level 2. HP: 16/16 MP: 4/4
   166 | D:1      | Reached skill level 6 in Ranged Weapons
   429 | D:1      | Found Lub Boi's Magic Scroll Boutique.
   432 | D:1      | 432 ||| BUYING scroll of teleportation (30 gold).
   432 | D:1      | Bought a scroll of teleportation for 30 gold pieces
   456 | D:1      | 456 ||| READING scroll labelled WOUNGU NOGIS.
   457 | D:1      | 457 ||| READING scroll labelled ELIEHE BILOE.
   458 | D:1      | 458 ||| DROPPING scroll of butterflies.
   472 | D:2      | 472 ||| STAIRDANCE
   495 | D:2      | 495 ||| STAIRDANCE
   498 | D:1      | Reached XP level 3. HP: 12/20 MP: 5/5
   638 | D:2      | Reached skill level 7 in Ranged Weapons
   720 | D:2      | Noticed a scorpion
   733 | D:2      | Killed a scorpion
   734 | D:2      | Reached skill level 8 in Ranged Weapons
   734 | D:2      | Reached XP level 4. HP: 24/25 MP: 6/6
   962 | D:2      | 962 ||| UPGRADING to +6 ring of dexterity.
   963 | D:2      | 963 ||| READING scroll labelled SOKOSTR ZONIODGH.
   964 | D:2      | 964 ||| READING scroll labelled RUD TUODUCK.
   965 | D:2      | 965 ||| READING scroll labelled VOTUDA IVIPP.
   966 | D:2      | 966 ||| READING 2 scrolls labelled NUIFOA CUOZAI.
  1158 | D:3      | Found a runed translucent gate.
  1158 | D:3      | Found a runed translucent gate.
  1158 | D:3      | Found a runed translucent gate.
  1158 | D:3      | Noticed qw's ghost (amateur DEHu)
  1160 | D:3      | 1160 ||| UPGRADING to amulet of faith.
  1165 | D:3      | Found a basalt altar of Yredelemnul.
  1181 | D:3      | Reached skill level 3 in Dodging
  1181 | D:3      | Reached XP level 5. HP: 27/29 MP: 7/7
  1758 | D:3      | 1758 ||| READING scroll labelled CUPHUA KUDOU.
  1759 | D:3      | 1759 ||| READING scroll labelled YPTUUMA KOEBYST.
  1760 | D:3      | 1760 ||| DRINKING 2 clear potions.
  1761 | D:3      | 1761 ||| DRINKING 2 fizzy golden potions.
  1762 | D:3      | 1762 ||| DROPPING potion of brilliance.
  1764 | D:3      | 1764 ||| Stepping ~*~*~tactically~*~*~ (cloud).
  1767 | D:3      | HP: 7/29 [poisoned by you (poison gas)]
  1772 | D:3      | HP: 4/29 [poisoned by you (poison gas)]
  1959 | D:4      | 1959 ||| PLANNING SEWER
  1970 | D:4      | Reached XP level 6. HP: 34/34 MP: 8/8
  2003 | D:4      | Found a snail-covered altar of Cheibriados.
  2011 | D:4      | Reached skill level 9 in Ranged Weapons
  2046 | D:4      | Found a runed translucent gate.
  2046 | D:4      | Found a runed translucent gate.
  2046 | D:4      | Found a runed translucent gate.
  2049 | D:4      | Noticed qw's ghost (amateur DEHu)
  2129 | D:4      | Found a glowing drain.
  2131 | D:4      | 2131 ||| DRINKING 2 black potions.
  2132 | D:4      | 2132 ||| READING 4 scrolls of identify.
  2132 | D:4      | 2132 ||| IDENTIFYING emerald potion
  2133 | D:4      | 2133 ||| READING 3 scrolls of identify.
  2133 | D:4      | 2133 ||| IDENTIFYING golden potion
  2134 | D:4      | 2134 ||| READING 2 scrolls of identify.
  2134 | D:4      | 2134 ||| IDENTIFYING viscous sapphire potion
  2135 | D:4      | 2135 ||| DROPPING potion of attraction.
  2136 | D:4      | 2136 ||| DROPPING potion of magic.
  2137 | D:4      | 2137 ||| DROPPING potion of lignification.
  2148 | Sewer    | Entered a sewer
  2162 | Sewer    | 2162 ||| Stepping ~*~*~tactically~*~*~ (water).
  2185 | Sewer    | HP: 7/31 [hell rat (5)]
  2186 | Sewer    | 2186 ||| READING 4 scrolls of teleportation.
  2188 | Sewer    | Slain by a river rat

Levels and vault maps discovered:
D:1:      amcnicky_arrival_single_pillar, layout_rooms, serial_shops,
          nicolae_shop_rolled_up
D:2:      layout_rooms
D:3:      layout_basic, nicolae_yredelemnul_ghost_church,
          dreamdust_princess_bridge
D:4:      layout_rooms, mainiacjoe_overflow_paths, minmay_temple_entry_hall,
          portal_sewer_entry_b, gammafunk_ghost_split
Sewer:    sewer_hellmonk_bad_rat

Skill      XL: |  1  2  3  4  5  6 |
---------------+-------------------+-----
Ranged Weapons | 6 8 9 |  9.5
Dodging        | 3 4 |  4.1
Fighting       | 2 |  2.0
Stealth        | |  1.2

Action                     |  1- 3 |  4- 6 || total
---------------------------+-------+-------++-------
   Fire: Shortbow          |    88 |    88 ||   176
    Use: Scroll            |     2 |    10 ||    12
         Potion            |       |     3 ||     3
 Armour: Leather armour    |    16 |     1 ||    17
  Dodge: Dodged            |    32 |    10 ||    42

Table legend:
 A = Non-vault XP
 B = Vault XP
 C = Vault XP percentage of total XP
 D = Non-vault monster count
 E = Vault monster count
 F = Vault count percentage of total count
                 A         B        C        D         E       F
            +---------+---------+-------+---------+---------+-------
      Total |     474 |     105 |  18.1 |      64 |      10 |  13.5
            +---------+---------+-------+---------+---------+-------
        D:1 |      40 |       0 |   0.0 |      22 |       0 |   0.0
        D:2 |     127 |       0 |   0.0 |      14 |       0 |   0.0
        D:3 |      42 |      84 |  66.7 |      13 |       2 |  13.3
        D:4 |     265 |       2 |   0.7 |      15 |       2 |  11.8
      Sewer |       0 |      19 | 100.0 |       0 |       6 | 100.0
            +---------+---------+-------+---------+---------+-------
